 Dungeon Crawl Stone Soup version 0.27.1-34-g3ba077fa99 (webtiles) character file.

Game seed: 11457413847001911772

580 porpoise the Ducker (level 7, -5/57 HPs)
             Began as a Merfolk Brigand on Jan 3, 2022.
             Killed by nerve-wracking pain
             ... invoked by Menkaure
              (12 damage)
             ... on level 4 of the Dungeon.
             The game lasted 00:21:44 (5591 turns).

porpoise the Ducker (Merfolk Brigand)               Turns: 5591, Time: 00:21:45

Health: -5/57      AC:  7    Str: 14    XL:     7   Next: 36%
Magic:  7/7        EV: 14    Int: 10    God:
Gold:   187        SH:  0    Dex: 15    Spells: 6/6 levels left

rFire    + . .     SeeInvis .   a - +2 dagger (vamp)
rCold    + + .     Faith    .   (no shield)
rNeg     . . .     Spirit   .   e - +0 troll leather armour {Purgy}
rPois    +         Reflect  .   n - +0 helmet
rElec    +         Harm     .   c - +1 cloak
rCorr    +         Rampage  .   (no gloves)
Will     +....                  (no boots)
Stlth    +++.......             (no amulet)
HPRegen  1.19/turn              t - ring of willpower
MPRegen  0.10/turn              (no ring)

@: mighty, resistant
A: (nimble swimmer 2), mertail, cold resistance 1
a: no special abilities


You were on level 4 of the Dungeon.
You visited 1 branch of the dungeon, and saw 4 of its levels.
You also visited: Sewer.

You collected 187 gold pieces.

Inventory:

Hand Weapons
 a - a +2 vampiric dagger (weapon)
 b - a +0 arbalest
 f - a +2 dagger
Missiles
 d - 2 poisoned darts (quivered)
 g - 48 arrows
 o - 2 curare-tipped darts
 v - 124 stones
Armour
 c - a +1 cloak (worn)
 e - a +0 troll leather armour (worn) {Purgy}
 i - a +0 ring mail
 n - a +0 helmet (worn)
Jewellery
 t - a ring of willpower (left hand)
Wands
 r - a wand of iceblast (11)
Scrolls
 p - a scroll of fog
Potions
 h - 2 potions of mutation
 j - 2 potions of cancellation


   Skills:
 * Level 5.7 Fighting
 - Level 2.4 Short Blades
 - Level 2.0 Throwing
 * Level 6.4 Dodging
 + Level 5.9 Stealth


You had 6 spell levels left.
You didn't know any spells.
Your spell library contained the following spells:

 Spells                   Type           Power      Damage    Failure   Level
 Shock                    Conj/Air       0%         1d3       43%         1
 Corpse Rot               Necr/Air       N/A        N/A       58%         2
 Swiftness                Air            0%         N/A       82%         3
 Airstrike                Air            0%         N/A       99%         4
 Dispel Undead            Necr           0%         3d6       99%         4
 Death Channel            Necr           0%         N/A       100%        6


Dungeon Overview and Level Annotations

Branches:
Dungeon (4/15)              Sewer (visited)
 Temple: D:4-7

Altars:

Annotations:
D:4 Menkaure, Robin


Innate Abilities, Weirdness & Mutations

((You are quick and stealthy near water. (Stealth+, EV+, Speed+++)))
Your lower body shifts to a powerful aquatic tail in water.
Your flesh is cold resistant. (rC+)


Message History

You hit the dart slug.
The dart slug is heavily wounded.
The phantom hits you.
* * * LOW HITPOINT WARNING * * *
The phantom blinks!
You blink.
You hit the phantom.
The phantom is lightly damaged.
The dart slug launches a dart at you. The slug dart misses you.
Menkaure calls on the powers of darkness!
The endoplasm convulses!
Your body is wracked with pain!
* * * LOW HITPOINT WARNING * * *
The phantom misses you.
It was a potion of cancellation.
You feel magically purged. The phantom hits you.
* * * LOW HITPOINT WARNING * * *
It was a potion of resistance.
You feel protected.
Menkaure calls on the powers of darkness!
The dart slug convulses!
The endoplasm convulses!
Your body is wracked with pain!
* * * LOW HITPOINT WARNING * * *
The phantom barely misses you.
It was a potion of might.
You feel very mighty all of a sudden. The phantom hits you.
* * * LOW HITPOINT WARNING * * *
The phantom blinks!
You blink.
Okay, then.
You barely miss the endoplasm.
The endoplasm is heavily wounded.
The endoplasm closely misses you.
Menkaure gestures wildly while chanting.
Menkaure seems to speed up.
You puncture the endoplasm!
You feel better.
You kill the endoplasm!
The phantom barely misses you.
Menkaure points at you and mumbles some strange words.
Pain shoots through your body!
You die...

.#.##..#########****,*
**********
...........# *,*
##.#######.# ##****,*
#.### #,* #.,,,,,*
#...# **#.####.###***
#...# *,.........#
#...# #......#.#.##
##.## #...........#
###.###*...8....@8.#*
#.<...#*,...$....W..#
#.#.#.#**#.....>....#
....#.# #.(M.w.....#
..###.# #.(........#
..###.####.(........#
...........8.....8..#
.##.#.###().........#
.##.#.# #)#.........*


You could see a phantom, Menkaure (fast) and a dart slug.

Vanquished Creatures
  Purgy (Sewer)
  A phantom (D:4)
  2 water moccasin skeletons (D:4)
  Terence (D:2)
  Natasha (D:3)
  An orc wizard (D:4)
  2 gnolls
  8 adders
  3 river rats (D:3)
  A white imp (D:4)
  3 worms
  2 dart slugs
  7 orcs
  8 endoplasms
  2 giant cockroaches
  4 goblins
  11 hobgoblins
  6 jackals
  2 quokkas (D:2)
  4 ball pythons
  8 bats
  5 frilled lizards
  10 kobolds
  14 rats
107 creatures vanquished.

Notes
Turn   | Place    | Note
-------+----------+-------------------------------------------
     0 | D:1      | porpoise the Merfolk Brigand began the quest for the Orb.
     0 | D:1      | Reached XP level 1. HP: 16/16 MP: 1/1
   267 | D:1      | Reached skill level 2 in Dodging
   267 | D:1      | Reached XP level 2. HP: 23/23 MP: 2/2
   386 | D:1      | Found a faded altar of an unknown god.
   706 | D:1      | Reached XP level 3. HP: 27/28 MP: 3/3
  1105 | D:1      | Reached skill level 3 in Dodging
  1343 | D:2      | Noticed Terence
  1350 | D:2      | Gained mutation: You are weak. (Str -2) [potion of
                  | mutation]
  1350 | D:2      | Gained mutation: Your flesh is cold resistant. (rC+)
                  | [potion of mutation]
  1350 | D:2      | Lost mutation: You are weak. (Str -2) [potion of mutation]
  1379 | D:2      | Killed Terence
  1380 | D:2      | Reached XP level 4. HP: 8/35 MP: 4/4
  1982 | D:2      | Reached skill level 5 in Stealth
  2303 | D:2      | Reached skill level 4 in Dodging
  2562 | D:2      | Reached XP level 5. HP: 42/42 MP: 5/5
  3301 | D:3      | Found a glowing drain.
  3310 | Sewer    | Entered a sewer
  3557 | Sewer    | Noticed Purgy
  3594 | Sewer    | Killed Purgy
  3595 | Sewer    | Reached skill level 5 in Dodging
  3595 | Sewer    | Reached XP level 6. HP: 16/49 MP: 6/6
  4693 | D:3      | Noticed Natasha
  4709 | D:3      | Killed Natasha
  4923 | D:3      | Reached skill level 5 in Fighting
  5177 | D:4      | Reached skill level 6 in Dodging
  5177 | D:4      | Reached XP level 7. HP: 35/56 MP: 7/7
  5319 | D:4      | Noticed Robin
  5562 | D:4      | Noticed Menkaure
  5589 | D:4      | HP: 1/57 [phantom (4)]
  5591 | D:4      | Killed from afar by Menkaure

Illustrated notes

Levels and vault maps discovered:
D:1:      saegor_arrival_simple_b, layout_loops_cross,
          shapermc_ecumenical_altar_venn
D:2:      layout_loops_ring, uniq_terence
D:3:      layout_loops_ring, lightli_sewer_entry_pipes, uniq_natasha
D:4:      layout_loops_cross, st_stairs_1, hangedman_abyss_or_decor_stabs,
          guppyfry_early_orc_mine, uniq_menkaure, uniq_robin, uniq_edmund,
          uniq_pikel

Skill      XL: |  1  2  3  4  5  6 |
---------------+-------------------+-----
Dodging        | 2 3 4 5 6 |  6.4
Fighting       | 3 4 5 |  5.7
Stealth        | 5 |  5.9
Short Blades   | |  2.4
Throwing       | |  2.0

Action                   |  1- 3 |  4- 6 |  7- 9 || total
-------------------------+-------+-------+-------++-------
Melee: Dagger            |   130 |   276 |    77 ||   483
Throw: Dart              |     1 |    56 |    12 ||    69
       Stone             |       |    39 |       ||    39
Evoke: Wand              |       |     1 |       ||     1
  Use: Potion            |     2 |       |     3 ||     5
       Scroll            |       |     3 |     5 ||     8
 Stab: Sleeping          |     3 |    12 |       ||    15
Armor: Robe              |     6 |       |       ||     6
       Ring mail         |    21 |    54 |       ||    75
       Skin              |     8 |     1 |       ||     9
       Troll leather arm |       |    30 |    15 ||    45
Dodge: Dodged            |    54 |   173 |    72 ||   299
